 Dungeon Crawl Stone Soup version 0.27.1-33-g824d729ab1 (webtiles) character file.

Game seed: 1187121206959343476

808 potato4science the Sneak (level 7, -12/48 HPs)
             Began as an Octopode Enchanter on Dec 19, 2021.
             Mangled by a two-headed ogre (28 damage)
             ... on level 5 of the Dungeon.
             The game lasted 00:29:28 (10521 turns).

potato4science the Sneak (Octopode Enchanter)      Turns: 10521, Time: 00:29:28

Health: -12/48     AC:  1    Str:  7    XL:     7   Next: 92%
Magic:  11/11      EV: 14    Int: 19    God:
Gold:   203        SH:  0    Dex: 13    Spells: 9/12 levels left

rFire    . . .     SeeInvis .   a - +2 dagger
rCold    . . .     Faith    .   (no shield)
rNeg     . . .     Spirit   .   (helmet restricted)
rPois    .         Reflect  .   (no amulet)
rElec    .         Harm     .   (no ring)
rCorr    .         Rampage  .   (no ring)
Will     .....                  (no ring)
Stlth    ++++......             (no ring)
HPRegen  0.16/turn              (no ring)
MPRegen  0.12/turn              (no ring)
                                (no ring)
                                (no ring)

@: no status effects
A: almost no armour, amphibious, 8 rings, camouflage 1, gelatinous body 1,
(nimble swimmer 1), tentacles
a: no special abilities


You were on level 5 of the Dungeon.
You visited 1 branch of the dungeon, and saw 5 of its levels.

You collected 203 gold pieces.

Inventory:

Hand Weapons
 a - a +2 dagger (weapon)
Missiles
 g - a curare-tipped dart
Scrolls
 b - a scroll of immolation
 c - 3 scrolls of teleportation
 d - 3 scrolls of identify
 i - a scroll of amnesia {unknown}
Potions
 e - a potion of brilliance
 f - 2 potions of curing {unknown}
 h - a potion of heal wounds {unknown}
 k - a potion of haste {unknown}
 l - a potion of attraction {unknown}


   Skills:
 - Level 4.0 Fighting
 - Level 3.0 Short Blades
 - Level 4.0 Dodging
 - Level 7.0 Stealth
 - Level 3.0 Spellcasting
 + Level 3.1 Hexes
 - Level 3.0 Ice Magic


You had 9 spell levels left.
You knew the following spells:

 Your Spells              Type           Power      Damage    Failure   Level
a - Corona                Hex            15%        N/A       4%          1
b - Ensorcelled Hibernat  Hex/Ice        28%        N/A       7%          2

Your spell library contained the following spells:

 Spells                   Type           Power      Damage    Failure   Level
 Confusing Touch          Hex            14%        N/A       13%         3
 Tukima's Dance           Hex            14%        N/A       13%         3
 Dazzling Flash           Conj/Hex       16%        N/A       24%         3


Dungeon Overview and Level Annotations

Branches:
Dungeon (5/15)             Temple (0/1) D:5

Altars:
Cheibriados
Ru

Shops:
D:5 ?


Innate Abilities, Weirdness & Mutations

You cannot wear most types of armour.
You are amphibious.
You can wear up to eight rings at the same time.
Your skin changes colour to match your surroundings (Stealth+).
Your rubbery body absorbs attacks. (AC +1, EV +1)
((You are camouflaged near water. (Stealth+)))
You have tentacles for arms and can constrict up to eight enemies at once.


Message History

Aim: a kobold, wielding a +0 club (chance to affect: 62%)
The kobold looks drowsy...
The helpless kobold fails to defend itself.
You impale the kobold!!
You kill the kobold!
Things that are here:
a +0 dagger of venom; a +0 falchion
There is a stone staircase leading up, spattered with blood here.
You start resting.
Magic restored.
There is a stone staircase leading down here.
Things that are here:
a +0 club; a kobold corpse You see here a +0 whip.
Things that are here:
a curare-tipped dart; a +0 dagger; a kobold corpse
g - a curare-tipped dart
i - a scroll labelled MOHAGGOIHI You now have 203 gold pieces (gained 14).
f - 2 coppery potions (gained 1)
Found 21 gold pieces.
Found a staircase to the Ecumenical Temple.
A two-headed ogre comes into view. It is wielding two +0 giant clubs.
Found an inky potion.
The helpless two-headed ogre fails to defend itself.
You impale the two-headed ogre!!
The two-headed ogre is severely wounded.
The two-headed ogre barely misses you. x2
You hit the two-headed ogre but do no damage.
The two-headed ogre is severely wounded.
You hit the two-headed ogre. You squeeze the two-headed ogre!
The two-headed ogre is almost dead.
The two-headed ogre hits you with a +0 giant club!!
Ouch! That really hurt!
The two-headed ogre closely misses you.
You hit the two-headed ogre but do no damage.
The two-headed ogre is almost dead.
The two-headed ogre hits you with a +0 giant club!!
Ouch! That really hurt!
You die...

....#.....##.##.#...
(#........##.$..#.## .
.###......##.#...... .
.####.....##.#.#.#.#.##.
...............#.#.#....
.####...................
.## #......#.##.#.>.#.#.
..###.)....#....#...#
..))><).##.#.#..@O#...
#..##[####.#.#.##.#.##.#
##.....# #...... .... #
.###.........#.#.#.##.
.......####..#. .#.. .#
.###.#.# #.... ... .# #.
.# #. ## !.. .# ## .#
.... .# .#


You could see a two-headed ogre.

Vanquished Creatures
  A necrophage (D:5)
  A kobold brigand (D:5)
  2 scorpions
  A howler monkey (D:3)
  A bullfrog zombie (D:5)
  A hound (D:4)
  A centaur skeleton (D:5)
  2 orc priests
  3 orc wizards
  3 hound skeletons (D:5)
  2 adders (D:3)
  8 gnolls
  An adder zombie (D:5)
  A worm (D:2)
  19 orcs
  7 ball pythons
  8 endoplasms
  9 giant cockroaches
  7 goblins
  10 hobgoblins
  8 jackals
  A quokka (D:3)
  7 bats
  3 frilled lizards
  10 kobolds
  9 rats
126 creatures vanquished.

Notes
Turn   | Place    | Note
-------+----------+-------------------------------------------
     0 | D:1      | potato4science the Octopode Enchanter began the quest for
                  | the Orb.
     0 | D:1      | Reached XP level 1. HP: 11/11 MP: 3/3
   203 | D:1      | Reached skill level 1 in Ice Magic
   248 | D:1      | Reached skill level 1 in Fighting
   248 | D:1      | Reached XP level 2. HP: 18/18 MP: 5/5
   315 | D:1      | Learned a level 2 spell: Ensorcelled Hibernation
   853 | D:1      | Reached XP level 3. HP: 23/23 MP: 3/6
  2351 | D:2      | Reached XP level 4. HP: 25/29 MP: 7/7
  2352 | D:2      | Found a sacrificial altar of Ru.
  4117 | D:2      | Reached skill level 5 in Stealth
  4797 | D:2      | Found a sacrificial altar of Ru.
  5030 | D:3      | Reached XP level 5. HP: 34/34 MP: 8/8
  5873 | D:3      | Reached XP level 6. HP: 41/41 MP: 4/9
  6097 | D:3      | Found a snail-covered altar of Cheibriados.
  6251 | D:3      | Found a faded altar of an unknown god.
  7316 | D:4      | Reached skill level 6 in Stealth
  8706 | D:4      | Reached XP level 7. HP: 46/46 MP: 7/10
  9062 | D:4      | HP: 2/46 [gnoll (2)]
  9064 | D:4      | Reached skill level 7 in Stealth
  9357 | D:5      | Entered Level 5 of the Dungeon
  9623 | D:5      | Found Nazyqoh's Magic Scroll Boutique.
 10507 | D:5      | Found a staircase to the Ecumenical Temple.
 10512 | D:5      | Noticed a two-headed ogre
 10521 | D:5      | Mangled by a two-headed ogre

Illustrated notes

Levels and vault maps discovered:
D:1:      minmay_arrival_floating_metal, layout_basic, minmay_worlds_worst_comb
D:2:      layout_basic, basic_altar, minmay_quadrilaterals
D:3:      layout_loops_corners, general_overflow_altar,
          ebering_ecumenical_altar_hall, grunt_ministairs_6,
          kennysheep_cross_room
D:4:      layout_basic, kennysheep_minor_cross
D:5:      layout_rooms, minmay_temple_entry_ruins, serial_shops,
          nicolae_take_the_stairs, shop, nicolae_ossuary_entry_catacombs

Skill      XL: |  1  2  3  4  5  6  7 |
---------------+----------------------+-----
Ice Magic      | 1 2 3 |  3.0
Fighting       | 1 2 3 4 |  4.0
Short Blades   | 2 3 |  3.0
Stealth        | 5 6 7 |  7.0
Dodging        | 3 4 |  4.0
Spellcasting   | 3 |  3.0
Hexes          | |  3.1

Action                   |  1- 3 |  4- 6 |  7- 9 || total
-------------------------+-------+-------+-------++-------
Melee: Dagger            |    57 |   114 |    67 ||   238
       Constrict         |     8 |    19 |    10 ||    37
       Tentacles         |     6 |    21 |    13 ||    40
 Cast: Corona            |     2 |       |       ||     2
       Ensorcelled Hiber |    19 |    71 |    16 ||   106
  Use: Scroll            |       |       |     7 ||     7
 Stab: Sleeping          |    29 |    46 |    12 ||    87
Armor: Skin              |     2 |       |     2 ||     4
Dodge: Dodged            |    28 |    45 |    46 ||   119
